 Dungeon Crawl Stone Soup version 0.25.1-8-g42b30a86e7 (webtiles) character file.

Game seed: 18243397126815792722

1351 Abzac the Cleaver (level 8, -2/71 HPs)
             Began as a Hill Orc Berserker on Dec 21, 2020.
             Was a Priest of Trog.
             Slain by an orc warrior
             ... wielding a cursed -2 flail
              (13 damage)
             ... on level 6 of the Dungeon.
             The game lasted 00:11:37 (7074 turns).

Abzac the Cleaver (Hill Orc Berserker)              Turns: 7074, Time: 00:11:38

Health: -2/71      AC:  5    Str: 22    XL:     8   Next: 63%
Magic:  8/8        EV: 11    Int:  7    God:    Trog [***...]
Gold:   344        SH:  0    Dex: 10    Spells: 7/7 levels left

rFire    . . .     SeeInvis .   a - +0 hand axe
rCold    + . .     Gourm    .   (no shield)
rNeg     . . .     Faith    .   f - +0 ring mail
rPois    .         Spirit   .   (no helmet)
rElec    .         Reflect  .   h - scarf {+Inv}
rCorr    .         Harm     .   (no gloves)
MR       .....                  (no boots)
Stlth    ..........             (no amulet)
HPRegen  0.21/turn              E - ring of protection from cold
MPRegen  0.11/turn              (no ring)

@: berserk cooldown, slowed, very slow
A: no striking features
a: Berserk, Trog's Hand, Renounce Religion, Evoke Invisibility


You were on level 6 of the Dungeon.
You worshipped Trog.
Trog was most pleased with you.
You were very hungry.

You visited 1 branch of the dungeon, and saw 6 of its levels.

You collected 344 gold pieces.

Inventory:

Hand Weapons
 a - a +0 hand axe (weapon)
Armour
 b - a +0 animal skin
 f - a +0 ring mail (worn)
 h - a scarf of invisibility (worn)
 p - a +0 ring mail
 t - a +0 pair of gloves
 x - a +0 scale mail
 y - a +0 plate armour
Jewellery
 A - an uncursed amulet of magic regeneration
 E - a ring of protection from cold (left hand)
Scrolls
 e - a scroll of random uselessness {unknown}
 j - 3 scrolls of teleportation {unknown}
 l - 2 scrolls of fog {unknown}
 n - 3 scrolls of fear
 q - 3 scrolls of immolation {unknown}
 r - 3 scrolls of enchant armour {unknown}
 s - 4 scrolls of remove curse {unknown}
 v - 2 scrolls of enchant weapon {unknown}
 w - 3 scrolls of amnesia {unknown}
 C - 2 scrolls of noise {unknown}
Potions
 g - a potion of haste
 i - a potion of lignification
 k - a potion of might {unknown}
 m - 3 potions of curing
 o - a potion of ambrosia {unknown}
 u - a potion of berserk rage {unknown}
 z - a potion of mutation {unknown}
 B - a potion of flight {unknown}
 D - a potion of heal wounds {unknown}
 F - a potion of brilliance {unknown}
 G - 2 potions of stabbing {unknown}
Comestibles
 c - 9 rations


   Skills:
 * Level 6.6 Fighting
 - Level 12.2 Axes
 - Level 2.1 Armour
 - Level 1.5 Dodging


You had 7 spell levels left.
You didn't know any spells.
Your spell library contained the following spells:

 Spells                   Type           Power        Failure   Level  Hunger
 Summon Small Mammal      Summ           #...         58%         1    ##.....
 Call Imp                 Summ           #.......     75%         2    ###....
 Call Canine Familiar     Summ           #.......     92%         3    ####...
 Summon Guardian Golem    Hex/Summ       #.......     92%         3    ####...
 Summon Ice Beast         Ice/Summ       #.......     100%        4    #####..
 Summon Lightning Spire   Summ/Air       #.......     100%        4    #####..


Dungeon Overview and Level Annotations

Branches:
Dungeon (6/15)             Temple (0/1) D:5

Altars:
Elyvilon
Zin
The Shining One

Shops:
D:4 %   D:5 !


Message History

You hit the orc warrior but do no damage.
The orc warrior is moderately wounded.
You barely miss the orc warrior.
The orc warrior is moderately wounded.
The orc warrior hits you with a cursed -2 flail!!
You hit the orc warrior.
The orc warrior is heavily wounded.
The orc warrior hits you with a cursed -2 flail!
* * * LOW HITPOINT WARNING * * *
Things that are here:
a +0 falchion; a +0 leather armour; the human corpse of Eustachio The orc warrior hits you with a cursed -2 flail!
* * * LOW HITPOINT WARNING * * *
You feel better. The orc warrior closely misses you.
You hit the orc warrior.
The orc warrior is heavily wounded.
The orc warrior hits you with a cursed -2 flail!
* * * LOW HITPOINT WARNING * * *
The orc warrior hits you with a cursed -2 flail!
You die...

#.### #...
#).# #.)#
##)# #)#
#.# #o#
#@###
#...#
#...######
#........#
#....#####
#.#.##
#.#.#
#....
#.#..


You could see an orc warrior.

Vanquished Creatures
  Grinder (D:4)
  Sigmund (D:3)
  Eustachio (D:6)
  Menkaure (D:4)
  Purgy (D:3)
  A sky beast (D:5)
  A scorpion (D:4)
  A centaur zombie (D:5)
  A hound (D:4)
  2 bullfrog skeletons
  Jessica (D:2)
  Ijyb (D:3)
  An orc wizard (D:6)
  3 worker ants
  A howler monkey skeleton (D:5)
  10 adders
  2 shadow imps (D:5)
  2 oozes
  2 worms
  A dart slug (D:1)
  3 leopard geckos (D:4)
  10 orcs
  5 giant cockroaches
  8 goblins
  12 hobgoblins
  11 jackals
  13 kobolds
  A quokka (D:4)
  A ball python (D:5)
  7 bats
  4 frilled lizards
  A quokka zombie (D:5)
  8 rats
119 creatures vanquished.

Notes
Turn   | Place    | Note
-------+----------+-------------------------------------------
     0 | D:1      | Abzac the Hill Orc Berserker began the quest for the Orb.
     0 | D:1      | Reached XP level 1. HP: 19/19 MP: 1/1
   499 | D:1      | Reached XP level 2. HP: 23/26 MP: 2/2
   741 | D:1      | Reached skill level 5 in Axes
  1319 | D:1      | Reached XP level 3. HP: 31/31 MP: 3/3
  2164 | D:1      | Reached skill level 6 in Axes
  2474 | D:2      | Reached ** piety under Trog
  2483 | D:1      | Reached XP level 4. HP: 6/39 MP: 4/4
  2490 | D:1      | HP: 1/39 [poisoned by an adder]
  3316 | D:2      | Reached skill level 7 in Axes
  3413 | D:2      | Noticed Jessica
  3430 | D:2      | Killed Jessica
  3430 | D:2      | Reached XP level 5. HP: 34/45 MP: 5/5
  3643 | D:3      | Found a white marble altar of Elyvilon.
  3643 | D:3      | Found a glowing silver altar of Zin.
  3643 | D:3      | Found a glowing golden altar of the Shining One.
  3651 | D:3      | Noticed Purgy
  3658 | D:3      | Killed Purgy
  3658 | D:3      | Reached skill level 8 in Axes
  3659 | D:3      | Noticed Sigmund
  3741 | D:3      | Killed Sigmund
  3741 | D:3      | Reached skill level 9 in Axes
  3741 | D:3      | Reached XP level 6. HP: 51/51 MP: 6/6
  3815 | D:3      | Noticed Ijyb
  3838 | D:3      | Paralysed by Ijyb for 7 turns
  3873 | D:3      | Killed Ijyb
  4245 | D:3      | Reached skill level 10 in Axes
  4245 | D:3      | Reached XP level 7. HP: 45/57 MP: 7/7
  4978 | D:4      | Reached *** piety under Trog
  5033 | D:4      | Found Nuyr's Food Emporium.
  5305 | D:4      | Noticed Menkaure
  5317 | D:4      | Killed Menkaure
  5317 | D:4      | Reached skill level 11 in Axes
  5564 | D:4      | Noticed Grinder
  5575 | D:4      | Killed Grinder
  5575 | D:4      | Reached skill level 12 in Axes
  5575 | D:4      | Reached XP level 8. HP: 64/64 MP: 8/8
  5772 | D:5      | Entered Level 5 of the Dungeon
  5936 | D:5      | Found Bunk's Distillery.
  6308 | D:5      | Reached skill level 5 in Fighting
  6814 | D:5      | Found a staircase to the Ecumenical Temple.
  7034 | D:6      | Noticed Eustachio
  7050 | D:6      | Killed Eustachio
  7074 | D:6      | Slain by an orc warrior

Illustrated notes

Levels and vault maps discovered:
D:1:      wheals_arrival_linesprint, layout_basic
D:2:      layout_rooms, uniq_jessica
D:3:      layout_rooms, good_gods_mini_temple, first_ration, uniq_sigmund,
          uniq_purgy, uniq_ijyb
D:4:      layout_rooms, serial_shops, nicolae_shop_crystal, kennysheep_donut,
          minmay_misc_feat_rows, uniq_menkaure, uniq_grinder
D:5:      layout_basic, minmay_temple_entry_sparse_star, serial_shops,
          shop_statue
D:6:      layout_loops_ring, lemuel_round_altar, tgw_fedhas, uniq_edmund,
          uniq_eustachio

Skill      XL: |  1  2  3  4  5  6  7  8 |
---------------+-------------------------+-----
Axes           | 5 6 7 9 10 12 | 12.2
Fighting       | 6 |  6.6
Armour         | |  2.1
Dodging        | |  1.5

Action                   |  1- 3 |  4- 6 |  7- 9 || total
-------------------------+-------+-------+-------++-------
Melee: Hand axe          |   133 |   148 |   232 ||   513
Invok: Berserk           |     2 |     2 |     3 ||     7
  Use: Potion            |       |     3 |     1 ||     4
       Scroll            |       |       |     4 ||     4
  Eat: Chunk             |     5 |     2 |     7 ||    14
       Ration            |       |     2 |     1 ||     3
Armor: Animal skin       |    20 |     2 |       ||    22
       Ring mail         |       |    44 |    40 ||    84
Dodge: Dodged            |    96 |    71 |    89 ||   256
